 Dungeon Crawl Stone Soup version 0.19.5 (webtiles) character file.

11 tidbits the Slasher (level 2, -1/21 HPs)
             Began as a High Elf Wanderer on Aug 8, 2017.
             Slain by a hobgoblin (3 damage)
             ... on level 2 of the Dungeon.
             The game lasted 00:01:45 (153 turns).

tidbits the Slasher (High Elf Wanderer)              Turns: 153, Time: 00:01:46

Health: -1/21      AC:  2    Str: 13    XL:     2   Next: 17%
Magic:  3/3        EV:  9    Int: 15    God:
Gold:   0          SH:  7    Dex: 12    Spells: 0 memorised, 1 level left

rFire  . . .     SeeInvis .     b - +0 falchion
rCold  . . .     Gourm    .     d - +0 robe
rNeg   . . .     Faith    .     D - +0 shield
rPois  .         Spirit   .     (no helmet)
rElec  .         Reflect  .     (no cloak)
rCorr  .         Harm     .     (no gloves)
MR     .....                    (no boots)
Stlth  ++........               (no amulet)
                                (no ring)
                                (no ring)

@: no status effects
A: no striking features
a: no special abilities


You were on level 2 of the Dungeon.
You were not hungry.

You visited 1 branch of the dungeon, and saw 2 of its levels.

Inventory:

Hand Weapons
 b - a +0 falchion (weapon)
Missiles
 a - 3 stones
 e - 2 exploding tomahawks (quivered)
Armour
 d - a +0 robe (worn)
 D - a +0 shield (worn)
Scrolls
 c - a scroll of enchant armour {unknown}
 g - a scroll of fear {unknown}
 h - a scroll of recharging {unknown}
Potions
 B - a potion of lignification
Comestibles
 f - a bread ration


   Skills:
 - Level 3.0 Fighting
 * Level 3.4 Long Blades
   Level 1.0 Staves
 - Level 2.1 Dodging
 - Level 1.1 Stealth
 + Level 1.0 Shields


You had one spell level left.
You didn't know any spells.

Dungeon Overview and Level Annotations

Branches:
Dungeon (2/15)

Altars:


Message History

You closely miss the jackal.
The jackal bites you but does no damage.
The jackal closely misses you.
You riposte.
You hit the jackal but do no damage.
A bat comes into view.
You hit the jackal but do no damage. The jackal bites you.
You block the jackal's attack.
Your shield prevents you from hitting the jackal.
The jackal closely misses you.
You riposte.
You hit the jackal but do no damage. You closely miss the jackal.
The jackal barely misses you. The jackal bites you.
You hit the jackal but do no damage. The jackal barely misses you.
You riposte.
You closely miss the jackal. The jackal bites you.
You closely miss the jackal. You block the jackal's attack.
You barely miss the jackal.
The jackal bites you but does no damage. x2
You hit the jackal but do no damage.
The jackal bites you but does no damage.
The jackal barely misses you.
You hit the jackal but do no damage. You block the jackal's attack.
You closely miss the jackal. The jackal barely misses you.
You riposte.
You hit the jackal but do no damage. The jackal bites you.
* * * LOW HITPOINT WARNING * * *
You hit the jackal but do no damage.
The jackal bites you but does no damage.
The jackal bites you.
* * * LOW HITPOINT WARNING * * *
You hit the jackal.
The jackal is severely wounded.
The jackal barely misses you.
You hit the jackal but do no damage.
The jackal is severely wounded.
The jackal bites you.
* * * LOW HITPOINT WARNING * * *
You block the jackal's attack.
You closely miss the jackal.
The jackal is severely wounded.
The jackal bites you but does no damage.
You hit the jackal.
You kill the jackal!
The bat completely misses you.
You riposte.
You hit the bat.
You kill the bat!
You have reached level 2!
Press: ? - help, v - describe, . - travel, g - get item
Here: a kobold, wielding an enchanted short sword A bat corpse.
The floor.
Okay, then.
You closely miss the kobold. You block the kobold's attack.
You closely miss the kobold. The kobold hits you but does no damage.
You hit the kobold.
You kill the kobold!
Things that are here:
an enchanted short sword; a kobold corpse; a bat corpse A kobold comes into view.
It is wielding a dagger.
A giant cockroach comes into view.
The giant cockroach barely misses you.
You hit the giant cockroach.
The giant cockroach is severely wounded.
You block the giant cockroach's attack. The giant cockroach bites you.
* * * LOW HITPOINT WARNING * * *
You hit the giant cockroach.
You kill the giant cockroach!
You closely miss the kobold. The kobold barely misses you.
You hit the kobold.
You kill the kobold!
Things that are here:
a dagger; a kobold corpse
Found a stone staircase leading down.
There is a stone staircase leading down here.
You climb downwards.
There is a stone staircase leading up here.
A hobgoblin comes into view.
The hobgoblin shouts!
Found a slice of pizza and a scroll labeled SACHIU QEYKU.
You hit the hobgoblin.
The hobgoblin is heavily wounded.
The hobgoblin hits you.
* * * LOW HITPOINT WARNING * * *
The hobgoblin hits you.
* * * LOW HITPOINT WARNING * * *
You closely miss the hobgoblin.
The hobgoblin is heavily wounded.
The hobgoblin hits you.
* * * LOW HITPOINT WARNING * * *
You hit the hobgoblin.
The hobgoblin is almost dead.
The hobgoblin barely misses you.
You closely miss the hobgoblin.
The hobgoblin is almost dead.
You block the hobgoblin's attack.
You barely miss the hobgoblin.
The hobgoblin is almost dead.
The hobgoblin closely misses you.
You riposte.
You hit the hobgoblin but do no damage.
The hobgoblin is almost dead.
The hobgoblin hits you.
You die...

.. #. .## ..#
+# #.# ...
###.# ....
##.#.####.....
##.............
#.....@g.......
##....###......
##.#.# .....
#.#.# ..%.
#.#.# .?.
#.#.###.# +#
#.......#
###.##### #.#
##.


You could see a hobgoblin.

Vanquished Creatures
  A dart slug (D:1)
  A giant cockroach (D:1)
  2 jackals (D:1)
  4 kobolds (D:1)
  A bat (D:1)
9 creatures vanquished.

Notes
Turn   | Place    | Note
-------+----------+-------------------------------------------
     0 | D:1      | tidbits the High Elf Wanderer began the quest for the Orb.
     0 | D:1      | tidbits set off with: a +0 shield, a +0 falchion, a potion of lignification, a +0 robe, a bread ration
     0 | D:1      | Reached XP level 1. HP: 16/16 MP: 2/2
    43 | D:1      | Reached skill level 3 in Long Blades
    87 | D:1      | Reached XP level 2. HP: 7/21 MP: 3/3
   149 | D:2      | HP: 1/21 [hobgoblin (2)]
   153 | D:2      | Slain by a hobgoblin

Skill      XL: |  1 |
---------------+----+-----
Long Blades    | 3 |  3.4
Fighting       | |  3.0
Staves         | |  1.0
Dodging        | |  2.1
Stealth        | |  1.1
Shields        | |  1.0

Action                   || total
-------------------------++-------
Melee: Falchion          ||    41
Armor: Robe              ||     9
Dodge: Dodged            ||    18
Block: Shield            ||    10
       Rpst.: Falchion   ||     7

Table legend:
 A = Turns spent in this place as a percentage of turns spent in the entire game.
 B = Non-inter-level travel turns spent in this place as a percentage of non-inter-level travel turns spent in the entire game.
 C = Inter-level travel turns spent in this place as a percentage of turns spent in this place.
 D = Turns resting spent in this place as a percentage of non-inter-level travel turns spent in this place.
 E = Turns spent auto-exploring this place as a percentage of non-inter-level travel turns spent in this place.
 F = Non-inter-level travel turns spent in this place divided by the number of levels of this place that you've seen.
                   A       B       C       D       E      F
               +-------+-------+-------+-------+-------+----------------------
         Total | 100.0 | 100.0 |   0.0 |   0.0 |   0.0 |  76.5
       Dungeon | 100.0 | 100.0 |   0.0 |   0.0 |   0.0 |  76.5
               +-------+-------+-------+-------+-------+----------------------

Table legend:
 A = Kills in this place as a percentage of kills in entire the game.
 B = Kills by you in this place as a percentage of kills by you in the entire game.
 C = Kills by friends in this place as a percentage of kills by friends in the entire game.
 D = Other kills in this place as a percentage of other kills in the entire game.
 E = Experience gained in this place as a percentage of experience gained in the entire game.
 F = Experience gained in this place divided by the number of levels of this place that you have seen.
                   A       B       C       D       E      F
               +-------+-------+-------+-------+-------+----------------------
         Total | 100.0 | 100.0 |  -nan |  -nan | 100.0 |   8.5
       Dungeon | 100.0 | 100.0 |  -nan |  -nan | 100.0 |   8.5
               +-------+-------+-------+-------+-------+----------------------

Vault maps used:
D:1:      dpeg_arrival_ratfight
D:2:      kennysheep_path_1, feat_on_display, uniq_sigmund, uniq_natasha
